 Dungeon Crawl Stone Soup version 0.28-a0-1594-ga885d4b3d6 (webtiles) character file.

Game seed: 10231836187090383615

80 lonewolfV2 the Scratcher (level 4, -2/21 HPs)
             Began as a Felid Fighter on Jan 20, 2022.
             Slain by a gnoll (6 damage)
             ... on level 3 of the Dungeon.
             The game lasted 00:07:46 (2952 turns).

lonewolfV2 the Scratcher (Felid Fighter)            Turns: 2952, Time: 00:07:46

Health: -2/21      AC:  1    Str: 14    XL:     4   Next: 18%
Magic:  5/5        EV: 19    Int:  9    God:
Gold:   114        SH:  0    Dex: 15    Spells: 3/3 levels left
                                        Lives:  0   Deaths: 1

rFire   . . .      SeeInvis +     - Unarmed
rCold   . . .      Faith    .   (shield unavailable)
rNeg    . . .      Spirit   .   (armour unavailable)
rPois   .          Reflect  .   (helmet unavailable)
rElec   .          Harm     .   (cloak unavailable)
rCorr   .          Rampage  .   (gloves unavailable)
Will    .....                   (boots unavailable)
Stlth   ++........              (no amulet)
HPRegen 0.07/turn               (no ring)
MPRegen 0.09/turn               (no ring)

@: mighty, quick
A: very small, claws 1, fangs 3, see invisible, speed 1, shaggy fur 1, stealthy
paws, no weapons or thrown items, no armour, multi-lived
a: no special abilities


You were on level 3 of the Dungeon.
You visited 1 branch of the dungeon, and saw 3 of its levels.

You collected 114 gold pieces.

Inventory:

Wands
 f - a wand of flame (20)
Scrolls
 e - a scroll of fog
Potions
 b - a potion of brilliance {unknown}
 c - 2 potions of heal wounds
 d - 4 potions of curing
 h - a potion of cancellation {unknown}


   Skills:
 + Level 3.4 Fighting
 + Level 4.9 Dodging
 + Level 1.9 Stealth
 + Level 5.3 Unarmed Combat


You had 3 spell levels left.
You didn't know any spells.
Your spell library contained the following spells:

 Spells                   Type           Power      Damage    Failure   Level
 Magic Dart               Conj           0%         1d3       38%         1
 Call Imp                 Summ           0%         N/A       52%         2
 Mephitic Cloud           Conj/Pois/Air  0%         N/A       77%         3
 Summon Guardian Golem    Hex/Summ       0%         N/A       77%         3
 Orb of Destruction       Conj           0%         9d5       100%        7
 Spellforged Servitor     Conj/Summ      0%         N/A       100%        7


Dungeon Overview and Level Annotations

Branches:
Dungeon (3/15)

Altars:
Gozag
Nemelex Xobeh
Ru
Zin


Innate Abilities, Weirdness & Mutations

You have sharp claws.
You have razor-sharp teeth.
You have supernaturally acute eyesight. (SInv)
You cover ground quickly. (Speed+)
You are covered in fur. (AC +1)
Your paws help you pounce on unaware monsters.
You are incapable of wielding weapons or throwing items.
You cannot wear armour.
You gain extra lives every three experience levels.


Message History

The orc closely misses you. The orc barely misses you.
You are now level 3!
You rejoin the land of the living...
Found 15 bolts.
Found a scroll of fog.
Found an opulent altar of Gozag.
e - a scroll of fog A gnoll comes into view.
It is wielding a +0 spear.
The gnoll shouts!
A gnoll comes into view. It is wielding a +0 halberd.
A gnoll shaman comes into view. It is wielding a +0 whip.
Sorry, you're not good enough to have a special ability.
You feel very mighty all of a sudden.
The gnoll shaman shouts!
A gnoll comes into view. It is wielding a +0 spear.
The gnoll hits you with a +0 spear.
The gnoll shouts!
You scratch the gnoll. You bite the gnoll!
You kill the gnoll!
A gnoll comes into view. It is wielding a +0 spear.
The gnoll shouts!
You see here a +0 spear.
You closely miss the gnoll shaman. You claw the gnoll shaman!
You bite the gnoll shaman!
You kill the gnoll shaman!
The gnoll closely misses you.
Welcome back to level 4!
The gnoll hits you with a +0 halberd!
Ouch! That really hurt!
* * * LOW HITPOINT WARNING * * *
The gnoll misses you.
Things that are here:
a +0 whip; a +0 robe; a gnoll corpse You claw the gnoll!
Your bite misses the gnoll.
The gnoll is almost dead.
The gnoll misses you. The gnoll completely misses you.
You claw the gnoll!
You kill the gnoll!
The gnoll hits you from afar with a +0 spear.
You die...

########################
...............)@)gg....
#######.###############.
#.## #..# ########.#
.≈≈≈≈≈..## ≈.....≈.#
≈.≈≈≈.≈.# ###....#
≈≈...≈≈.# ...(...#


You could see 2 gnolls.

Vanquished Creatures
  A gnoll shaman (D:3)
  An orc wizard (D:3)
  2 gnolls (D:3)
  2 adders (D:2)
  2 worms (D:2)
  2 dart slugs
  2 orcs (D:3)
  4 ball pythons
  5 bats
  A giant cockroach (D:1)
  4 goblins
  5 hobgoblins
  6 kobolds
  2 quokkas (D:2)
  2 frilled lizards
  4 rats (D:2)
45 creatures vanquished.

Vanquished Creatures (others)
  5 plants
5 creatures vanquished.

Grand Total: 50 creatures vanquished

Notes
Turn   | Place    | Note
-------+----------+-------------------------------------------
     0 | D:1      | lonewolfV2 the Felid Fighter began the quest for the Orb.
     0 | D:1      | Reached XP level 1. HP: 10/10 MP: 2/2
   426 | D:1      | Reached XP level 2. HP: 14/14 MP: 3/3
  1796 | D:2      | Reached XP level 3. HP: 17/17 MP: 4/4
  2434 | D:2      | Reached skill level 1 in Stealth
  2546 | D:2      | Found a sacrificial altar of Ru.
  2704 | D:3      | Found a glowing silver altar of Zin.
  2709 | D:3      | Found a sparkling altar of Nemelex Xobeh.
  2778 | D:3      | Found a sacrificial altar of Ru.
  2786 | D:3      | Reached skill level 5 in Unarmed Combat
  2786 | D:3      | Reached XP level 4. HP: 17/21 MP: 5/5
  2891 | D:3      | Slain by an orc
  2892 | D:3      | Reached XP level 3. HP: 0/17 MP: 4/4
  2902 | D:3      | Found an opulent altar of Gozag.
  2950 | D:3      | Reached XP level 4. HP: 15/21 MP: 5/5
  2952 | D:3      | Slain by a gnoll

Illustrated notes

Levels and vault maps discovered:
D:1:      sevenhm_arrival_forest_fort_large_4, layout_loops_ring
D:2:      layout_basic, basic_altar
D:3:      gammafunk_steamed_eel, layout_basic, mainiacjoe_overflow_paths,
          grunt_temple_overflow_open, minitemple,
          hellmonk_ecumenical_altar_defaced_shrine, chequers_big_river

Skill      XL: |  1  2  3 |
---------------+----------+-----
Stealth        | 1 |  1.9
Unarmed Combat | 5 |  5.3
Fighting       | |  3.4
Dodging        | |  4.9

Action                   |  1- 3 |  4- 6 || total
-------------------------+-------+-------++-------
Melee: Unarmed           |   111 |    12 ||   123
       Bite              |     7 |       ||     7
       Punch             |     4 |       ||     4
  Use: Scroll            |     1 |     4 ||     5
       Potion            |     1 |     2 ||     3
 Stab: Sleeping          |     1 |       ||     1
Armor: Skin              |     5 |       ||     5
Dodge: Dodged            |    76 |    29 ||   105

Table legend: (Time is in decaauts)
 A = Elapsed time spent in this place.
 B = Non-inter-level travel time spent in this place.
 C = Inter-level travel time spent in this place.
 D = Time resting spent in this place.
 E = Time spent auto-exploring this place.
 F = Levels seen in this place.
 G = Mean time per level.
                   A        B        C        D        E       F      G
               +--------+--------+--------+--------+--------+-----+--------+
         Total |   2621 |   2553 |     68 |    736 |   1375 |   3 |  873.7 |
       Dungeon |   2621 |   2553 |     68 |    736 |   1375 |   3 |  873.7 |
               +--------+--------+--------+--------+--------+-----+--------+

Top non-repeatable levels by time:
     D:2: 1388 daAuts
     D:1: 1000 daAuts
     D:3: 232 daAuts
